 Dungeon Sprint DCSS version 0.28-a0-258-g8de209e91f (webtiles) character file.

Game seed: 7672971283298314400

6605 MikeHunt the Severer (level 10, -7/165 HPs)
             Began as a Minotaur Berserker on Aug 26, 2021.
             Was a High Priest of Trog.
             Mangled by a lorocyproca (21 damage)
             ... in the Dungeon (Sprint I: "Red Sonja").
             The game lasted 00:06:09 (2647 turns).

MikeHunt the Severer (Minotaur Berserker)           Turns: 2647, Time: 00:06:09

Health: -7/165     AC: 17    Str: 23    XL:     10   Next: 71%
Magic:  0/9        EV: 13    Int:  4    God:    Trog [*****.]
Gold:   836        SH:  0    Dex: 12    Spells: 9/9 levels left

rFire   . . .      SeeInvis .   r - +5 executioner's axe (flame) {god gift}
rCold   . . .      Faith    .   (shield currently unavailable)
rNeg    . . .      Spirit   .   k - +3 chain mail {rPois}
rPois   +          Reflect  .   p - +2 hat of the Blue Moon {Will++}
rElec   .          Harm     .   (no cloak)
rCorr   .          Rampage  .   (no gloves)
Will    ++++.      NoTele   +   (no boots)
Stlth   ..........              (no amulet)
HPRegen 1.37/turn               (no ring)
MPRegen 0.11/turn               (no ring)

@: berserking, strong-willed, regenerating, very quick
A: horns 2, retaliatory headbutt
a: Renounce Religion, Berserk, Trog's Hand, Brothers in Arms


You were in the Dungeon.
You worshipped Trog.
Trog was extremely pleased with you.
You visited 1 branch You collected 1599 gold pieces.
You spent 763 gold pieces at shops.

Inventory:

Hand Weapons
 a - a +0 hand axe
 n - a +5 battleaxe of distortion {!w}
 q - a +4 battleaxe {god gift}
 r - a +5 executioner's axe of flaming (weapon) {god gift}
Missiles
 o - 3 curare-tipped darts (quivered)
Armour
 b - a +0 animal skin
 i - a +1 leather armour of cold resistance
 k - a +3 chain mail of poison resistance (worn)
 p - the +2 hat of the Blue Moon (worn) {Will++}
   (You bought it in a shop in the Dungeon)

   Will:      It greatly increases your willpower.
Scrolls
 h - a scroll of blinking
 l - a scroll of silence {unknown}
 m - a scroll of enchant armour {unknown}
Potions
 c - 3 potions of curing
 e - a potion of haste
 f - 2 potions of magic
 g - a potion of berserk rage
 j - a potion of resistance {unknown}


   Skills:
 - Level 16.8 Fighting
 + Level 17.2 Axes
 - Level 12.8 Armour
 - Level 11.9 Dodging


You had 9 spell levels left.
You didn't know any spells.
Your spell library was empty.

Dungeon Overview and Level Annotations

Branches:
Dungeon (1/1)

Altars:
Cheibriados
Dithmenos
Elyvilon
Fedhas
Gozag
Hepliaklqana
Kikubaaqudgha
Makhleb
Nemelex Xobeh
Okawaru
Qazlal
Ru
Sif Muna
Trog
Uskayaw
Vehumet
Wu Jian
Xom
Yredelemnul
Zin
The Shining One
Jiyva
Lugonu

Shops:
D ?*[


Innate Abilities, Weirdness & Mutations

You have a pair of horns on your head.
You reflexively headbutt those who attack you in melee.


Message History

Something smites you!
There is an open door here.
The meliai mumbles some strange prayers to its god against you.
Something smites you!
There is an open door here.
Something hits you but does no damage.
Deactivating autopickup; reactivate with Ctrl-A.
There is an open door here.
The meliai calls down the wrath of its god upon you.
Something smites you!
There is an open door here.
You see here a +0 short sword.
You miss something. You headbutt something. Something completely misses you.
You miss something. Your headbutt misses something.
Something hits you but does no damage.
You slice something!! You burn something. Something hits you!!
You feel your power leaking away.
You miss something. Something hits you!!
* * * LOW HITPOINT WARNING * * *
You feel your power leaking away. Something hits you but does no damage.
You feel much better. Something hits you!
* * * LOW HITPOINT WARNING * * *
Your chain mail prevents you from hitting something.
You headbutt something. Something hits you.
* * * LOW HITPOINT WARNING * * *
You slash something! You burn something. Something hits you!
* * * LOW HITPOINT WARNING * * *
You closely miss something. Your headbutt misses something. Something hits you!
* * * LOW HITPOINT WARNING * * *
Okay, then.
Unknown command.
You feel better. Something hits you but does no damage.
Your skin crawls.
You feel strong-willed. Something hits you.
* * * LOW HITPOINT WARNING * * *
A red film seems to cover your vision as you go berserk!
You feel yourself moving faster!
You feel mighty! Something hits you!!
You die...

##.#≈≈≈,,*,,##)####..$#y#,**,,,*,
#_.+≈≈≈,,+,,#§.○..#..$###,,***,*,
.._#≈≈≈,,*,,#.○☼..'..$$$#*,*,*,*,
)#'##+###**+###○○.#.....#,,***,*,
'#.#))..###,+,#...###++##,**,,,*,
.####'###)##*,#..##*,,***,,*+***,
..'.....'.∩#*,#..#***,,***,,,*,≈,
..##########*,##{#,,*,,*,***,*,≈,
.###,,,,,,,**,*#@#,,,,,,,,,*,***,
'#.#,,,,,,,,+,*###,,,,,,,,,*,*,+,
...#+++******,*,,+,,,,,,****+*,**
((.#,,,,,,,,*,*****,,,***,,,,*,*≈
####,,,,,,,*+,*,,,*****,,,****,*≈
,,,,,,,,,,≈****,,,,,,,,,***,,,^*≈
,,,,,,,,,≈≈**,,,,,,,*****,,,,****
,,,,,,,≈≈≈***,,,,,,**,,,^,,,,*,,*
**,,≈≈≈≈*** *,,,,,**,,,^,,,,^*,,,


There were no monsters in sight!

Vanquished Creatures
  A hydra (D)
  Sonja (D)
  A deep troll (D)
  A lindwurm (D)
  A gargoyle (D)
  4 demonic crawlers (D)
  2 kobold demonologists (D)
  A slime creature (D)
  Sigmund (D)
  A yak (D)
  12 hogs (D)
  2 floating eyes (D)
  An ogre (D)
  A jelly (D)
  Ijyb (D)
  A ballistomycete spore (D)
32 creatures vanquished.

Vanquished Creatures (others)
  A gargoyle (D)
  A ballistomycete spore (D)
2 creatures vanquished.

Grand Total: 34 creatures vanquished

Notes
Turn   | Place    | Note
-------+----------+-------------------------------------------
     0 | D        | MikeHunt the Minotaur Berserker began the quest for the
                  | Orb.
     0 | D        | Reached XP level 1. HP: 19/19 MP: 0/0
     1 | D        | Noticed Ijyb
    10 | D        | Killed Ijyb
    11 | D        | Reached skill level 6 in Axes
    11 | D        | Reached XP level 2. HP: 30/30 MP: 1/1
    94 | D        | Noticed an ogre
   100 | D        | Killed an ogre
   101 | D        | Reached skill level 8 in Axes
   101 | D        | Reached XP level 3. HP: 41/41 MP: 2/2
   101 | D        | Reached XP level 4. HP: 49/49 MP: 3/3
   210 | D        | Noticed Sigmund
   216 | D        | Killed Sigmund
   216 | D        | Reached ** piety under Trog
   217 | D        | Reached skill level 11 in Axes
   217 | D        | Reached XP level 5. HP: 60/60 MP: 4/4
   217 | D        | Reached XP level 6. HP: 68/68 MP: 5/5
   356 | D        | Found a shimmering blue altar of Sif Muna.
   357 | D        | Found an ornate altar of the Wu Jian Council.
   358 | D        | Found a radiant altar of Vehumet.
   471 | D        | Found Cepsiex's Assorted Antiques.
   471 | D        | Found an ancient bone altar of Kikubaaqudgha.
   471 | D        | Found a hazy altar of Hepliaklqana.
   471 | D        | Found a stormy altar of Qazlal.
   471 | D        | Found a hide-covered altar of Uskayaw.
   471 | D        | Found a blossoming altar of Fedhas.
   471 | D        | Found a bloodstained altar of Trog.
   471 | D        | Found an iron altar of Okawaru.
   471 | D        | Found a basalt altar of Yredelemnul.
   471 | D        | Found a glowing golden altar of the Shining One.
   471 | D        | Found a snail-covered altar of Cheibriados.
   471 | D        | Found a sacrificial altar of Ru.
   471 | D        | Found a glowing silver altar of Zin.
   471 | D        | Found a shadowy altar of Dithmenos.
   471 | D        | Found a white marble altar of Elyvilon.
   471 | D        | Noticed a yak
   476 | D        | Killed a yak
   477 | D        | Reached skill level 12 in Axes
   477 | D        | Found an opulent altar of Gozag.
   478 | D        | Found a sparkling altar of Nemelex Xobeh.
   505 | D        | Bought a glowing chain mail for 187 gold pieces
   526 | D        | Found a viscous altar of Jiyva.
   526 | D        | Found a corrupted altar of Lugonu.
   526 | D        | Noticed a slime creature
   527 | D        | Found a burning altar of Makhleb.
   527 | D        | Found a shimmering altar of Xom.
   536 | D        | Killed a slime creature
   536 | D        | Reached *** piety under Trog
   537 | D        | Reached XP level 7. HP: 40/78 MP: 6/6
   757 | D        | Noticed a kobold demonologist
   758 | D        | Noticed a sun demon
   758 | D        | Noticed a kobold demonologist
   761 | D        | Reached skill level 13 in Axes
   761 | D        | Reached skill level 5 in Armour
   765 | D        | Killed a kobold demonologist
   766 | D        | Reached skill level 5 in Dodging
   768 | D        | Killed a kobold demonologist
   768 | D        | Reached **** piety under Trog
   769 | D        | Reached XP level 8. HP: 88/88 MP: 7/7
   925 | D        | Noticed a demonic crawler
   925 | D        | Noticed a demonic crawler
   925 | D        | Noticed a demonic crawler
   925 | D        | Noticed a demonic crawler
   933 | D        | Killed a demonic crawler
   934 | D        | Reached skill level 14 in Axes
   941 | D        | Killed a demonic crawler
   944 | D        | Killed a demonic crawler
   945 | D        | Reached XP level 9. HP: 48/96 MP: 8/8
   947 | D        | Killed a demonic crawler
   957 | D        | Killed a gargoyle
  1216 | D        | Bought a runed battleaxe for 237 gold pieces
  1223 | D        | Noticed Sonja
  1238 | D        | Killed Sonja
  1238 | D        | Reached ***** piety under Trog
  1239 | D        | Reached skill level 15 in Fighting
  1239 | D        | Reached skill level 15 in Axes
  1239 | D        | Reached skill level 10 in Armour
  1417 | D        | Noticed a deep troll
  1423 | D        | Killed a deep troll
  1445 | D        | Found Duupt's Magic Scroll Boutique.
  1453 | D        | Bought a scroll of magic mapping for 45 gold pieces
  1479 | D        | Found Hiafew Carih's Armour Emporium.
  1484 | D        | Bought the +2 hat of the Blue Moon {Will++} for 294 gold
                  | pieces
  1523 | D        | Noticed a lindwurm
  1528 | D        | Killed a lindwurm
  1529 | D        | Reached skill level 10 in Dodging
  1579 | D        | Received a gift from Trog
  1585 | D        | Reached XP level 10. HP: 107/107 MP: 9/9
  1590 | D        | Reached skill level 16 in Axes
  1604 | D        | Reached ****** piety under Trog
  1608 | D        | Received a gift from Trog
  1628 | D        | Noticed a 12-headed hydra
  1635 | D        | Paralysed by a floating eye for 3 turns
  2000 | D        | Killed a nine-headed hydra
  2498 | D        | Noticed a gargoyle
  2505 | D        | Killed a gargoyle
  2506 | D        | Reached skill level 17 in Axes
  2644 | D        | HP: 4/110 [something (15)]
  2647 | D        | Mangled by a lorocyproca

Illustrated notes

Levels and vault maps discovered:
D:        dungeon_sprint_1 [red_sonja_temple_1, red_sonja_temple_small_1]

Skill      XL: |  1  2  3  4  5  6  7  8  9 10 |
---------------+-------------------------------+-----
Fighting       | 6 8 11 12 13 14 15 16 | 16.8
Axes           | 6 8 11 12 13 14 15 17 | 17.2
Armour         | 4 7 9 11 12 | 12.8
Dodging        | 4 6 8 10 11 | 11.9

Action                   |  1- 3 |  4- 6 |  7- 9 | 10-12 || total
-------------------------+-------+-------+-------+-------++-------
Melee: Hand axe          |    12 |    16 |    27 |       ||    55
       Headbutt          |       |     7 |     9 |    13 ||    29
       Battleaxe         |       |       |    22 |    31 ||    53
       Executioner's axe |       |       |       |    13 ||    13
Throw: Dart              |       |       |       |     1 ||     1
Invok: Berserk           |     2 |     4 |     2 |     1 ||     9
       Trog's Hand       |       |       |     1 |     2 ||     3
       Brothers in Arms  |       |       |       |     1 ||     1
  Use: Scroll            |       |       |     1 |       ||     1
       Potion            |       |       |       |     2 ||     2
Armor: Chain mail        |       |       |    44 |    60 ||   104
Dodge: Dodged            |     5 |     6 |    41 |    25 ||    77

Table legend: (Time is in decaauts)
 A = Elapsed time spent in this place.
 B = Non-inter-level travel time spent in this place.
 C = Inter-level travel time spent in this place.
 D = Time resting spent in this place.
 E = Time spent auto-exploring this place.
 F = Levels seen in this place.
 G = Mean time per level.
                   A        B        C        D        E       F      G
               +--------+--------+--------+--------+--------+-----+--------+
         Total |   2709 |   2665 |     44 |   1963 |      0 |   1 | 2709.0 |
       Dungeon |   2709 |   2665 |     44 |   1963 |      0 |   1 | 2709.0 |
               +--------+--------+--------+--------+--------+-----+--------+

Top non-repeatable levels by time:
       D: 2709 daAuts
